 Dungeon Crawl Stone Soup version 0.31-a0-524-g2a164cf6a2 (webtiles) character file.

Game seed: 9359878566461543836

156 AdnanSaban the Covered (level 5, 0/33 HPs)
             Began as a Gargoyle Fighter on Aug 12, 2023.
             Killed by divine providence
             ... invoked by an orc priest
              (7 damage)
             ... on level 4 of the Dungeon.
             The game lasted 00:02:36 (2979 turns).

AdnanSaban the Covered (Gargoyle Fighter)           Turns: 2979, Time: 00:02:36

Health: 0/33       AC: 17    Str: 27    XL:     5   Next: 37%
Magic:  5/5        EV:  7    Int:  9    God:
Gold:   122        SH:  4    Dex:  9    Spells: 4/4 levels left

rFire   . . .        a - +0 flail
rCold   . . .        c - +0 buckler
rNeg    + . .        q - +0 plate armour
rPois   ∞            (no helmet)
rElec   +            b - +0 cloak
rCorr   .            (no gloves)
SInv    .            (no boots)
Will    .....        (no amulet) Stlth
                     e - +6 ring of strength
HPRegen 0.25/turn    (no ring)
MPRegen 0.09/turn

%: no passive effects
@: no status effects
A: sickness immunity, AC +4, negative energy resistance 1, electricity
resistance, torment resistance 1, petrification resistance
a: no special abilities


You were on level 4 of the Dungeon.
You visited 1 branch of the dungeon, and saw 4 of its levels.

You collected 122 gold pieces.

Inventory:

Hand Weapons
 a - a +0 flail (weapon)
Missiles
 k - 5 javelins
Armour
 b - a +0 cloak (worn)
 c - a +0 buckler (worn)
 q - a +0 plate armour (worn)
Jewellery
 e - a +6 ring of strength (left hand)
 u - a +6 ring of intelligence
Scrolls
 f - 2 scrolls of blinking {unknown}
 g - a scroll of vulnerability {unknown}
 i - 3 scrolls of teleportation {unknown}
 l - 2 scrolls of identify {unknown}
 m - 2 scrolls of enchant armour {unknown}
 n - 2 scrolls of fog {unknown}
 r - a scroll of enchant weapon {unknown}
Potions
 d - a potion of might
 h - a potion of ambrosia {unknown}
 j - a potion of heal wounds {unknown}
 o - a potion of berserk rage {unknown}
 p - a potion of resistance {unknown}
 s - a potion of degeneration {unknown}
 t - a potion of curing {unknown}
 v - a potion of enlightenment {unknown}


   Skills:
 + Level 3.9 Fighting
 + Level 4.0 Maces & Flails
 + Level 4.0 Armour
 + Level 0.3 Dodging
 + Level 0.3 Stealth
 + Level 3.8 Shields


You had 4 spell levels left.
You didn't know any spells.
Your spell library contained the following spells:

 Spells                   Type           Power      Damage    Failure   Level
 Summon Small Mammal      Summ           0%         N/A       99%         1
 Static Discharge         Conj/Air       0%         2-2/arc   100%        2
 Call Canine Familiar     Summ           0%         N/A       100%        3
 Inner Flame              Hex/Fire       0%         N/A       100%        3
 Portal Projectile        Hex/Tloc       0%         N/A       100%        3
 Summon Guardian Golem    Hex/Summ       0%         N/A       100%        3
 Airstrike                Air            0%         2d(0-16)  100%        4
 Leda's Liquefaction      Hex/Erth       0%         N/A       100%        4
 Summon Lightning Spire   Summ/Air       0%         N/A       100%        4
 Yara's Violent Unravell  Hex/Tmut       0%         3d3       100%        5
 Enfeeble                 Hex            0%         N/A       100%        7


Dungeon Overview and Level Annotations

Branches:
Dungeon (4/15)
 Temple: D:4-7

Altars:
Elyvilon
Ru
Sif Muna
Xom

Shops:
D:2 ?


Innate Abilities, Weirdness & Mutations

You are immune to sickness and miasma.
Your stone body is resilient. (AC +4)
You are immune to poison.
You resist negative energy. (rN+)
You are resistant to electric shocks. (rElec)
You are resistant to unholy torment.
You are immune to petrification.


Message History

No target in view!
No target in view!
No target in view!
No target in view!
No target in view!
No target in view!
No target in view!
Found a stone staircase leading down.
v - an emerald potion No target in view!
An orc comes into view. It is wielding a +0 short sword.
The orc shouts!
You hear a shout!
An orc is nearby!
An orc is nearby!
An orc priest comes into view. It is wielding a +0 short sword.
The orc priest shouts!
The orc priest invokes the aid of Beogh against you.
Beogh smites you! The orc hits you but does no damage.
You sock the orc!
You kill the orc!
Your Maces & Flails skill increases to level 4!
An orc comes into view. It is wielding a +0 dagger.
The orc priest mumbles some strange prayers to Beogh against you.
Beogh smites you!
* * * LOW HITPOINT WARNING * * *
You see here a +0 short sword.
You are too injured to fight recklessly!
You are too injured to fight recklessly!
You are too injured to fight recklessly!
You are too injured to fight recklessly!
You are too injured to fight recklessly!
You are too injured to fight recklessly!
You are too injured to fight recklessly!
You are too injured to fight recklessly!
You are too injured to fight recklessly!
There are monsters nearby!
There are monsters nearby!
The orc priest invokes the aid of Beogh against you.
Beogh smites you!
You die...

#.#.... o...... .......
... ##o...... ...
......... #.
####........... ..##
#.............##....
#...)............###
##.@...........#.# #
##............#.###
###........#......#..
##....................
##...>...........>....#
#.............##......#
#............###...#...
##...........###......#
#.#..........#..##..##


You could see an orc priest and an orc.

Vanquished Creatures
  An iguana (D:4)
  An adder (D:2)
  A white imp (D:4)
  An ufetubus (D:4)
  6 worms
  4 dart slugs
  3 orcs
  9 bats
  5 endoplasms
  4 giant cockroaches
  10 goblins
  8 hobgoblins
  2 kobolds
  2 quokkas
  7 ball pythons
  11 frilled lizards
  3 rats
78 creatures vanquished.

Notes
Turn   | Place    | Note
-------+----------+-------------------------------------------
     0 | D:1      | AdnanSaban the Gargoyle Fighter began the quest for the
                  | Orb.
     0 | D:1      | Reached XP level 1. HP: 14/14 MP: 1/1
    92 | D:1      | Reached XP level 2. HP: 19/19 MP: 2/2
   422 | D:1      | Reached XP level 3. HP: 24/24 MP: 3/3
   934 | D:2      | Found a shimmering blue altar of Sif Muna.
  1366 | D:2      | Reached XP level 4. HP: 23/29 MP: 4/4
  1529 | D:2      | Found Plog's Magic Scroll Shoppe.
  1805 | D:3      | Identified the orb of Wu Jian's Reproof {mayhem, Drain
                  | Regen+ Dex+2 SInv}
  2429 | D:3      | Found a shimmering altar of Xom.
  2562 | D:4      | Found a white marble altar of Elyvilon.
  2775 | D:4      | Reached XP level 5. HP: 33/33 MP: 5/5
  2779 | D:4      | Found a sacrificial altar of Ru.
  2979 | D:4      | Killed from afar by an orc priest

Illustrated notes

Levels and vault maps discovered:
D:1:      dpeg_arrival_orchard, layout_basic, minmay_misc_feat_tower
D:2:      layout_basic, basic_altar, serial_shops, nicolae_lakefront_shop
D:3:      layout_basic, marbit_many_paths, minmay_splitting_lines
D:4:      layout_cave_pools, lemuel_round_altar, elyvilon_altar_1,
          minmay_temple_entry_metal_lava

Skill      XL: |  1  2  3  4  5 |
---------------+----------------+-----
Maces & Flails | 3 4 |  4.0
Armour         | 4 |  4.0
Fighting       | |  3.9
Dodging        | |  0.3
Stealth        | |  0.3
Shields        | |  3.8

Action                     |  1- 3 |  4- 6 || total
---------------------------+-------+-------++-------
  Melee: Flail             |    93 |   119 ||   212
 Armour: Scale mail        |    22 |       ||    22
         Chain mail        |    24 |    40 ||    64
         Plate armour      |       |    24 ||    24
  Dodge: Dodged            |    35 |    43 ||    78
  Block: Buckler           |    28 |    24 ||    52

Table legend: (Time is in decaauts)
 A = Elapsed time spent in this place.
 B = Non-inter-level travel time spent in this place.
 C = Inter-level travel time spent in this place.
 D = Time resting spent in this place.
 E = Time spent auto-exploring this place.
 F = Levels seen in this place.
 G = Mean time per level.
                   A        B        C        D        E       F      G
               +--------+--------+--------+--------+--------+-----+--------+
         Total |   3034 |   2829 |    205 |      0 |   2213 |   4 |  758.5 |
       Dungeon |   3034 |   2829 |    205 |      0 |   2213 |   4 |  758.5 |
               +--------+--------+--------+--------+--------+-----+--------+

Top non-repeatable levels by time:
     D:1: 906 daAuts
     D:2: 880 daAuts
     D:3: 815 daAuts
     D:4: 431 daAuts
